 Dungeon Crawl Stone Soup version 0.29.1-13-g9f3cf754e1 (webtiles) character file.

Game seed: 739917380661708810

3729 shadowmeld the Thaumaturge (level 10, -9/69 HPs)
             Began as a Djinni Hedge Wizard on Feb 8, 2023.
             Was a Follower of Ashenzari.
             Mangled by a yak (15 damage)
             ... on level 9 of the Dungeon.
             The game lasted 00:41:45 (12205 turns).

shadowmeld the Thaumaturge (Djinni Hedge Wizard)   Turns: 12205, Time: 00:41:46

Health: -9/69      AC:  4    Str:  9    XL:     10   Next: 36%
Gold:   232        EV: 15    Int: 20    God:    Ashenzari [*.....] SH:  4 Dex: 20

rFire   + + .      SeeInvis .   D - +3 long sword "Shackled Embarrassment" {vamp, rC- Will+ Dex+7, Evo, Melee} (curse)
rCold   x x .      Faith    .   g - +0 buckler
rNeg    . . .      Spirit   .   b - +0 robe
rPois   ∞          Reflect  .   l - +0 helmet
rElec   .          Harm     .   y - +0 cloak of Ashenzari's Moon {Range, Melee} (curse)
rCorr   .          Rampage  .   (no gloves)
Will    ++...                   (boots unavailable)
Stlth   ++........              G - amulet of regeneration
HPRegen 1.01/turn               t - ring of wizardry
MPRegen 0.00/turn               (no ring)

@: flying
A: sickness immunity, fire resistance 2, cold vulnerability 1, float, innate
caster, HP casting, extra vitality 1
a: Renounce Religion, Shatter the Chains


You were on level 9 of the Dungeon.
You worshipped Ashenzari.
Ashenzari was aware of your devotion.
You visited 2 branches of the dungeon, and saw 10 of its levels.
You also visited: Sewer.

You collected 461 gold pieces.
You spent 229 gold pieces at shops.

Inventory:

Hand Weapons
 q - the +5 war axe of Fischi Keatz {vorpal, rC++}
   (You bought it in a shop on level 8 of the Dungeon)

   It inflicts extra damage upon your enemies.
   rC:        It greatly protects you from cold.
 D - the cursed +3 long sword "Shackled Embarrassment" (weapon) {vamp, rC- Will+ Dex+7, Evo, Melee}
   (You found it on level 5 of the Dungeon)

   It occasionally heals its wielder for a portion of the damage dealt when it
   wounds a living foe.
   Dex:       It affects your dexterity (+7).
   rC:        It makes you vulnerable to cold.
   Will:      It increases your willpower.
   It has a curse which improves the following skills: Evocations: Evocations.
   Melee Combat: Short Blades, Long Blades, Axes, Maces & Flails, Polearms,
   Staves and Unarmed Combat.
Missiles
 f - 7 poisoned darts
Armour
 b - a +0 robe (worn)
 g - a +0 buckler (worn)
 l - a +0 helmet (worn)
 y - the cursed +0 cloak of Ashenzari's Moon (worn) {Range, Melee}
   (You found it on level 5 of the Dungeon)

   It has a curse which improves the following skills: Ranged Combat: Ranged
   Weapons and Throwing.
   Melee Combat: Short Blades, Long Blades, Axes, Maces & Flails, Polearms,
   Staves and Unarmed Combat.
Jewellery
 s - an amulet of the acrobat
 t - a ring of wizardry (left hand)
 G - an amulet of regeneration (around neck)
Wands
 m - a wand of acid (4)
 p - a wand of flame (16)
 r - a wand of iceblast (11)
Scrolls
 c - 3 scrolls of blinking
 d - 2 scrolls of teleportation
 e - a scroll of magic mapping
 k - 4 scrolls of butterflies
 w - a scroll of enchant weapon
 z - 3 scrolls of fear
 B - 3 scrolls of enchant armour
 C - a scroll of vulnerability
 H - a scroll of immolation
 J - a scroll of brand weapon
Potions
 a - 3 potions of resistance
 h - 7 potions of heal wounds
 i - 3 potions of haste
 j - 2 potions of lignification
 n - 5 potions of attraction
 o - 2 potions of ambrosia
 u - 2 potions of might
 v - 7 potions of curing
 x - 2 potions of brilliance
 E - a potion of cancellation


   Skills:
 * Level 4.6 Fighting
 * Level 5.3 Dodging
 - Level 1.5 Stealth
 + Level 0.1 Shields
 * Level 10.1 Spellcasting


You had 7 spell levels left.
You knew the following spells:

 Your Spells              Type           Power      Damage    Failure   Level
a - Magic Dart            Conj           100%       1d8       1%          1
b - Blink                 Tloc           100%       N/A       1%          2
c - Call Imp              Summ           50%        N/A       1%          2
d - Slow                  Hex            100%       N/A       1%          1
e - Conjure Flame         Conj/Fire      50%        6-21      1%          3
f - Mephitic Cloud        Conj/Pois/Air  50%        N/A       1%          3
g - Freeze                Ice            100%       1d11      1%          1
h - Scorch                Fire           100%       2d10      1%          2
i - Gell's Gravitas       Tloc           50%        N/A       1%          3
j - Ice Form              Ice/Tmut       50%        N/A       1%          4
Your spell library was empty.

Dungeon Overview and Level Annotations

Branches:
Dungeon (9/15)             Temple (1/1) D:7           Sewer (visited)
   Lair: D:8-11         Orc: D:9-12

Altars:
Ashenzari
Cheibriados
Dithmenos
Elyvilon
Fedhas
Gozag
Makhleb
Nemelex Xobeh
Okawaru
Qazlal
Trog
Uskayaw
Wu Jian
Xom
Zin
The Shining One

Shops:
D:5 [   D:8 (

Annotations:
D:3 sigtrap's ghost, amateur KoBr


Innate Abilities, Weirdness & Mutations

You are immune to sickness and miasma.
You are immune to poison.
Your flesh is very heat resistant. (rF++)
You are vulnerable to cold. (rC-)
You float through the air rather than walking.
You learn spells naturally, not from books.
Your magical power is your life essence.
You have superior vitality. (+4 MHP)


Message History

The yak gores you.
Your Spellcasting skill increases to level 10!
Casting: Scorch (safe; 1% risk of failure)
Confirm with . or Enter, or press ? or * to list all spells.
Flames lash the yak.
The yak is burned terribly!
You kill the yak!
Casting: Scorch (safe; 1% risk of failure)
Confirm with . or Enter, or press ? or * to list all spells.
Flames lash the yak.
The yak is heavily wounded.
The yak's fire resistance burns away.
The yak gores you!
* * * LOW HITPOINT WARNING * * *
Casting: Scorch (safe; 1% risk of failure)
Confirm with . or Enter, or press ? or * to list all spells.
Flames lash the orc.
The orc is heavily wounded.
The orc's fire resistance burns away.
* * * LOW HITPOINT WARNING * * *
The yak misses you. The yak attacks as you move away!
The yak completely misses you.
The orc wizard gestures wildly while chanting.
The orc wizard flickers and vanishes!
Deactivating autopickup; reactivate with Ctrl-A.
Casting: Scorch (safe; 1% risk of failure)
Confirm with . or Enter, or press ? or * to list all spells.
Flames lash the orc.
The orc is burned terribly!
You kill the orc!
* * * LOW HITPOINT WARNING * * *
You hear a shout! x2
The yak gores you!
* * * LOW HITPOINT WARNING * * *
The yak is no longer more vulnerable to fire.
Casting: Scorch (safe; 1% risk of failure)
Confirm with . or Enter, or press ? or * to list all spells.
Flames lash the yak.
The yak is almost dead.
The yak's fire resistance burns away.
* * * LOW HITPOINT WARNING * * *
The yak gores you!
You die...

#<#........#
####.#........#
#............?
###.#.......##..#
#..).o)..)......#
#.P..PP.#.#####.#
#.oPP!.P.).#
#..oPP..PPo######.#
....
.PP..P)o.Y@...# !#.
ooPP$.P.######## #
.. PP..P....#
...PP†.PP.##.# ...
P..PP.....#
PP..PP.#.###
P.?PP....#
P..PP..### P..PP..#


You could see a yak (combustible) and 2 orcs.

Vanquished Creatures
  Sigmund (D:6)
  4 yaks (D:9)
  A steam dragon (D:7)
  Menkaure (D:6)
  A water moccasin (D:6)
  3 orc warriors
  An ice beast (D:6)
  2 black bears
  4 ogres
  2 centaurs
  A kobold brigand (D:9)
  A necrophage (D:8)
  5 bullfrogs
  A gnoll sergeant (D:5)
  4 scorpions
  2 hounds
  2 jellies
  3 orc priests
  A gnoll bouda (D:7)
  An iguana (D:5)
  8 orc wizards
  12 adders
  9 gnolls
  A river rat (D:5)
  A white imp (D:7)
  2 ufetubi
  A worm (D:2)
  30 orcs
  4 bats
  An endoplasm (D:1)
  10 giant cockroaches
  4 goblins
  7 hobgoblins
  6 jackals
  13 kobolds
  9 quokkas
  11 ball pythons
  13 frilled lizards
  8 rats
191 creatures vanquished.

Notes
Turn   | Place    | Note
-------+----------+-------------------------------------------
     0 | D:1      | shadowmeld the Djinni Hedge Wizard began the quest for the
                  | Orb.
     0 | D:1      | shadowmeld set off with the following spells memorised:
                  | Magic Dart, Blink, Call Imp, Slow, Conjure Flame, Mephitic
                  | Cloud.
     0 | D:1      | Reached XP level 1. HP: 15/15 MP: 0/0
   370 | D:1      | Reached XP level 2. HP: 18/21 MP: 0/0
   837 | D:1      | Found a faded altar of an unknown god.
  1056 | D:1      | Reached skill level 3 in Spellcasting
  1122 | D:1      | Reached XP level 3. HP: 21/26 MP: 0/0
  1122 | D:1      | Learned a level 1 spell: Freeze
  2530 | D:3      | Reached XP level 4. HP: 23/31 MP: 0/0
  2536 | D:3      | Found a burning altar of Makhleb.
  2881 | D:3      | Reached skill level 1 in Fighting
  3001 | D:3      | Found a shimmering altar of Xom.
  3001 | D:3      | Found an iron altar of Okawaru.
  3336 | D:3      | Found a runed translucent gate.
  3336 | D:3      | Noticed sigtrap's ghost (amateur KoBr)
  3337 | D:3      | Found a runed translucent gate.
  3338 | D:3      | Found a runed translucent gate.
  3339 | D:3      | Identified the +4 dagger of the Iron City of Dis {flame,
                  | Str+2}
  3417 | D:3      | Reached XP level 5. HP: 36/37 MP: 0/0
  3417 | D:3      | Learned a level 2 spell: Scorch
  4211 | D:4      | Reached skill level 4 in Spellcasting
  4321 | D:4      | Reached XP level 6. HP: 35/42 MP: 0/0
  4423 | D:4      | You are sucked into a shaft and drop 1 floor!
  4423 | D:5      | Entered Level 5 of the Dungeon
  4493 | D:5      | Found a glowing drain.
  4520 | Sewer    | Entered a sewer
  5142 | Sewer    | Reached skill level 5 in Spellcasting
  5142 | Sewer    | Reached XP level 7. HP: 33/48 MP: 0/0
  5142 | Sewer    | Learned a level 3 spell: Gell's Gravitas
  5869 | D:4      | Found a blossoming altar of Fedhas.
  5869 | D:4      | Found a snail-covered altar of Cheibriados.
  5978 | D:4      | Found an opulent altar of Gozag.
  5979 | D:4      | Found a glowing silver altar of Zin.
  6140 | D:5      | HP: 2/49 [centaur/arrow (7)]
  6801 | D:5      | Reached skill level 6 in Spellcasting
  6801 | D:5      | Reached XP level 8. HP: 28/55 MP: 0/0
  7187 | D:5      | Identified the +3 long sword of Jastuemu {vamp, rC- Will+
                  | Dex+7}
  7233 | D:5      | Identified the +7 spear of Ruination {vorpal, Str+4 Int-5}
  7284 | D:5      | Reached skill level 7 in Spellcasting
  7600 | D:5      | Found a white marble altar of Elyvilon.
  7757 | D:5      | Found Xedimna's Armour Boutique.
  8190 | D:6      | Reached XP level 9. HP: 55/60 MP: 0/0
  8190 | D:6      | Learned a level 4 spell: Ice Form
  8394 | D:6      | Noticed Sigmund
  8399 | D:6      | Killed Sigmund
  8400 | D:6      | Reached skill level 8 in Spellcasting
  8564 | D:6      | Noticed Menkaure
  8570 | D:6      | Killed Menkaure
  9540 | D:7      | Found a staircase to the Ecumenical Temple.
  9549 | Temple   | Entered the Ecumenical Temple
  9585 | Temple   | Became a worshipper of Ashenzari the Shackled
 10715 | D:7      | Reached skill level 9 in Spellcasting
 11276 | D:8      | Found a bloodstained altar of Trog.
 11583 | D:8      | Reached XP level 10. HP: 55/67 MP: 0/0
 11584 | D:8      | Reached skill level 5 in Dodging
 11804 | D:8      | Reached * piety under Ashenzari
 11832 | D:8      | Found Zugur's Antique Weapon Shoppe.
 11840 | D:8      | Bought a fine war axe for 229 gold pieces
 11840 | D:8      | Identified the +5 war axe of Fischi Keatz {vorpal, rC++}
                  | (You bought it in a shop on level 8 of the Dungeon)
 12131 | D:9      | Found an ornate altar of the Wu Jian Council.
 12173 | D:9      | Found a hide-covered altar of Uskayaw.
 12199 | D:9      | Reached skill level 10 in Spellcasting
 12205 | D:9      | Mangled by a yak

Illustrated notes

Levels and vault maps discovered:
D:1:      ncdulo_halloftheorcs, layout_basic,
          dreamdust_ecumenical_altar_hidden_monk_grotto
D:2:      layout_loops_ring
D:3:      layout_basic, bloody_makhleb, gammafunk_temple_overflow_statue,
          biasface_ghost_orc_armoury, serial_rivers,
          chequers_serial_rivers_small_a, chequers_serial_rivers_micro_d,
          chequers_serial_rivers_marsh, chequers_serial_rivers_large_a
D:4:      layout_basic, grunt_temple_overflow_gold_and_silver,
          amethyst_overflow_temple_binary
D:5:      layout_basic, nicolae_elyvilon_temple_path, serial_shops,
          nicolae_inconvenience_store, portal_sewer_entry_b,
          minmay_chambers_of_fives
D:6:      layout_gridville, serial_bayou, serial_bayou_pond_e,
          serial_bayou_crossing, serial_bayou_shore_b, serial_bayou_shore_b,
          uniq_menkaure, uniq_sigmund
D:7:      layout_basic, lemuel_tele_altar, temple_green
D:8:      layout_gridville, lemuel_round_altar, serial_shops,
          nicolae_shop_competitors_out_of_business
D:9:      layout_basic, lemuel_mausoleum_altar_yredelemnul,
          nicolae_ru_path_of_blood, mainiacjoe_overflow_catch_the_wave,
          minmay_lair_entry_lava
Temple:   nicolae_temple_superstar

Skill      XL: |  1  2  3  4  5  6  7  8  9 10 |
---------------+-------------------------------+-----
Spellcasting   | 3 4 5 6 7 9 10 | 10.1
Fighting       | 1 2 3 4 |  4.6
Dodging        | 3 4 5 |  5.3
Stealth        | |  1.5
Shields        | |  0.1

Action                   |  1- 3 |  4- 6 |  7- 9 | 10-12 || total
-------------------------+-------+-------+-------+-------++-------
 Cast: Magic Dart        |    81 |    98 |    98 |    18 ||   295
       Freeze            |     9 |    11 |     1 |       ||    21
       Scorch            |       |    31 |   124 |    41 ||   196
       Mephitic Cloud    |       |       |     1 |       ||     1
Invok: Curse Item        |       |       |     1 |     1 ||     2
  Use: Scroll            |     1 |     5 |     2 |       ||     8
       Potion            |       |       |       |     1 ||     1
Armor: Robe              |     2 |     5 |     2 |     2 ||    11
Dodge: Dodged            |     4 |    19 |    25 |    10 ||    58
Block: Buckler           |       |     6 |     3 |     4 ||    13
